 Dungeon Crawl Stone Soup version 0.25-a0-366-g516bc45ae0 (webtiles) character file.

Game seed: 10328976392907455375, levelgen mode: deterministic

28963 Inarius the Cleaver (level 13, -6/100 HPs)
             Began as a Demonspawn Abyssal Knight on Jan 5, 2020.
             Was the Champion of Lugonu.
             Mangled by a komodo dragon (20 damage)
             ... on level 5 of the Lair of Beasts on Jan 6, 2020.
             The game lasted 00:33:59 (23967 turns).

Inarius the Cleaver (Demonspawn Abyssal Knight)    Turns: 23967, Time: 00:34:00

Health: -6/100     AC: 20    Str: 21    XL:     13   Next: 12%
Magic:  20/20      EV: 12    Int: 13    God:    Lugonu [******]
Gold:   525        SH:  0    Dex: 14    Spells: 12/12 levels left

rFire    + . .     SeeInvis .   T - +4 battleaxe (flame)
rCold    . . .     Gourm    +   (shield currently unavailable)
rNeg     + . .     Faith    .   U - +4 chain mail {rF+}
rPois    .         Spirit   .   (no helmet)
rElec    .         Reflect  .   J - +2 cloak
rCorr    .         Harm     .   I - +0 pair of gloves
MR       .....                  (boots unavailable)
Stlth    ..........             A - amulet of the gourmand
HPRegen  0.26/turn              Q - +4 ring of strength
MPRegen  0.17/turn              d - ring of positive energy

@: repel missiles
A: talons 3, repulsion field 3, rot immunity
a: Depart the Abyss, Bend Space, Banish, Corrupt, Enter the Abyss, Brand Weapon
With Distortion, Renounce Religion


You were on level 5 of the Lair of Beasts.
You worshipped Lugonu.
Lugonu was exalted by your worship.
You were completely stuffed.

You visited 2 branches of the dungeon, and saw 17 of its levels.
You visited the Abyss 1 time.

You collected 844 gold pieces.
You spent 319 gold pieces at shops.

Inventory:

Hand Weapons
 a - a +1 hand axe
 j - a +1 war axe
 m - a +3 battleaxe
 w - a +2 quarterstaff of chaos
 T - a +4 battleaxe of flaming (weapon)
Missiles
 V - 5 javelins (quivered)
Armour
 I - a +0 pair of gloves (worn)
 J - a +2 cloak (worn)
 K - a +0 plate armour
 U - a +4 chain mail of fire resistance (worn)
 X - a +0 shield
 Z - a +2 plate armour of poison resistance
Jewellery
 d - a ring of positive energy (right hand)
 e - an uncursed ring of fire
 s - an uncursed ring of resist corrosion
 u - an uncursed ring of magical power
 A - an amulet of the gourmand (around neck)
 C - an uncursed ring of magical power
 P - an uncursed ring of fire
 Q - a +4 ring of strength (left hand)
Wands
 h - a wand of digging (13)
 v - a wand of random effects (2)
 M - a wand of acid (2)
Scrolls
 b - 2 scrolls of vulnerability
 g - 8 scrolls of remove curse
 i - 2 scrolls of enchant armour
 o - 6 scrolls of magic mapping
 q - 5 scrolls of teleportation
 t - 2 scrolls of amnesia
 x - a scroll of brand weapon
 y - a scroll of torment
 B - 3 scrolls of immolation
 D - 2 scrolls of enchant weapon
 E - 2 scrolls of blinking
 F - 4 scrolls of noise
 H - a scroll of fog
 L - a scroll of silence
 S - 5 scrolls of identify
Potions
 f - 4 potions of curing
 l - 4 potions of might
 n - a potion of heal wounds
 r - a potion of agility
 z - a potion of ambrosia
 G - a potion of cancellation
 N - a potion of magic
 O - a potion of brilliance
 R - a potion of invisibility
 W - a potion of flight
Miscellaneous
 p - a lightning rod (3/4)
Comestibles
 c - 31 rations
 k - 3 chunks of flesh


   Skills:
 + Level 8.8 Fighting
 * Level 13.5 Axes
 + Level 8.8 Armour
 - Level 1.2 Dodging
 * Level 2.6 Shields
 * Level 10.2 Invocations
 * Level 7.7 Evocations


You had 12 spell levels left.
You didn't know any spells.
Your spell library contained the following spells:

 Spells                   Type           Power        Failure   Level  Hunger
 Beastly Appendage        Tmut           #.....       91%         1    ##.....
 Magic Dart               Conj           #...         91%         1    ##.....
 Summon Small Mammal      Summ           #...         91%         1    ##.....
 Blink                    Tloc           N/A          97%         2    ###....
 Call Imp                 Summ           #.......     97%         2    ###....
 Slow                     Hex            #.......     97%         2    ###....
 Sticks to Snakes         Tmut           #.......     97%         2    ###....
 Call Canine Familiar     Summ           #.......     100%        3    ####...
 Conjure Flame            Conj/Fire      #.......     100%        3    ####...
 Mephitic Cloud           Conj/Pois/Air  #.......     100%        3    ####...
 Recall                   Summ/Tloc      N/A          100%        3    ####...
 Spider Form              Tmut/Pois      #.........   100%        3    ####...
 Summon Guardian Golem    Hex/Summ       #.......     100%        3    ####...
 Animate Dead             Necr           N/A          100%        4    #####..
 Ice Form                 Ice/Tmut       #.......     100%        4    #####..
 Leda's Liquefaction      Hex/Erth       #.........   100%        4    #####..
 Summon Ice Beast         Ice/Summ       #.......     100%        4    #####..
 Summon Lightning Spire   Summ/Air       #.......     100%        4    #####..
 Blade Hands              Tmut           #.........   100%        5    ######.
 Bolt of Magma            Conj/Fire/Erth #.........   100%        5    ######.
 Borgnjor's Vile Clutch   Necr/Erth      #.........   100%        5    ######.
 Death Channel            Necr           #.........   100%        6    #######
 Iron Shot                Conj/Erth      #.........   100%        6    #######
 Simulacrum               Ice/Necr       #.........   100%        6    #######
 Statue Form              Tmut/Erth      #........    100%        6    #######
 Shatter                  Erth           #.........   100%        9    #######


Dungeon Overview and Level Annotations

Branches:
Dungeon (12/15)            Temple (0/1) D:7            Lair (5/6) D:8
 Shoals (0/4) Lair:4       Spider (0/4) Lair:4        Slime (0/5) Lair:5
    Orc (0/2) D:11

Altars:
Ashenzari
Elyvilon
Fedhas
Qazlal
Trog
Uskayaw
Vehumet
Yredelemnul
Zin
The Shining One

Shops:
D:8 [   D:9 *


Innate Abilities, Weirdness & Mutations

You have claws for feet.
You are surrounded by a strong repulsion field. (EV +4, RMsl)
You are immune to rotting.


Message History

The komodo dragon closely misses you.
The spiny frog stings you but does no damage.
You hit the komodo dragon but do no damage.
Your kick misses the komodo dragon.
The komodo dragon is almost dead.
You closely miss the spiny frog. The komodo dragon closely misses you.
The spiny frog stings you!
You are poisoned.
The spiny frog poisons you!
You closely miss the komodo dragon.
The komodo dragon is almost dead.
You hit the spiny frog. You burn the spiny frog.
You feel sick. The komodo dragon bites you!!
* * * LOW HITPOINT WARNING * * *
The spiny frog stings you!
* * * LOW HITPOINT WARNING * * *
You are more poisoned.
The spiny frog poisons you!
You feel better. The komodo dragon bites you!!
You die...

.. ......... ...
......... ...
......... ...
........# .#.#
.......P# ....
........#### .#.#
....P.Fl...# ... #@..#
#.# ##..# ### ...
##..## #.####.#
..###....######.......
.....P......#......#.#
......................
........#.............
........#.............
........P..#####.#....


You could see a komodo dragon and a spiny frog.

Vanquished Creatures
  Josephine (Lair:4)
  2 two-headed ogres
  Urug (Lair:3)
  An orb spider (Lair:4)
  13 elephants
  2 black mambas
  4 spiny frogs
  A rime drake (Lair:1)
  2 komodo dragons
  A queen bee (Lair:4)
  3 meliai (Lair:4)
  2 trolls (D:9)
  A hornet (D:11)
  7 hippogriffs
  3 blink frogs (Lair:4)
  A shadow (D:11)
  5 wyverns
  3 basilisks
  22 yaks
  3 wraiths (Lair:4)
  6 hungry ghosts
  A two-headed ogre zombie (D:11)
  6 water moccasins
  Duvessa (D:7)
  7 porcupines
  3 orc warriors
  A sky beast (D:11)
  3 ice beasts
  3 black bears
  A phantom (D:11)
  4 ogres
  A boggart (D:6)
  6 wolves
  2 centaurs
  8 crocodiles
  3 big kobolds
  10 bullfrogs
  2 gnoll sergeants (D:6)
  A water moccasin skeleton (D:8)
  A scorpion (D:6)
  37 killer bees
  3 troll zombies (D:11)
  9 howler monkeys
  11 wights
  4 crimson imps
  A quasit (D:8)
  3 centaur zombies
  4 hounds
  6 jellies
  12 orc wizards
  4 orc priests
  Crazy Yiuf (D:2)
  A centaur skeleton (D:7)
  Ijyb (D:5)
  An iguana (D:9)
  3 bullfrog skeletons
  11 worker ants
  A killer bee zombie (D:5)
  4 ogre zombies (D:11)
  3 hound skeletons
  12 gnolls
  10 adders
  A shadow imp (D:8)
  8 oozes
  An adder skeleton (D:6)
  An adder zombie (D:5)
  3 dart slugs
  3 leopard geckos
  29 orcs
  9 bats
  6 giant cockroaches
  9 goblins
  7 hobgoblins
  9 jackals
  17 kobolds
  5 quokkas
  2 ball pythons (D:3)
  7 frilled lizards
  3 goblin skeletons (D:11)
  5 goblin zombies (D:11)
  2 hobgoblin zombies (D:11)
  A jackal skeleton (D:3)
  A leopard gecko zombie (D:5)
  2 orc skeletons (D:11)
  13 orc zombies (D:11)
  15 rats
  A bush (Lair:5)
  5 fungi
  3 plants
458 creatures vanquished.

Vanquished Creatures (collateral kills)
  Dowan (D:7)
  2 killer bees (D:8)
  A leopard gecko (D:7)
4 creatures vanquished.

Vanquished Creatures (others)
  A hydra (Lair:2)
  A wizard (D:8)
  2 yaks (D:9)
  2 killer bees (D:8)
  A quokka (D:11)
  4 fungi
11 creatures vanquished.

Grand Total: 473 creatures vanquished

Notes
Turn   | Place    | Note
-------+----------+-------------------------------------------
     0 | Abyss:1  | Inarius the Demonspawn Abyssal Knight began the quest for
                  | the Orb.
     0 | Abyss:1  | Reached XP level 1. HP: 18/18 MP: 2/2
     3 | Abyss:1  | Found a corrupted altar of Lugonu.
    43 | Abyss:1  | Noticed an apocalypse crab
    44 | Abyss:1  | Noticed a worldbinder
    46 | D:1      | Escaped the Abyss
   325 | D:1      | Reached skill level 1 in Dodging
   354 | D:1      | Reached * piety under Lugonu
   433 | D:1      | Reached skill level 2 in Axes
   433 | D:1      | Gained mutation: You are immune to rotting. [demonic
                  | ancestry]
   433 | D:1      | Reached XP level 2. HP: 20/24 MP: 3/3
  1311 | D:2      | Gained mutation: You are surrounded by a mild repulsion
                  | field. (EV +2) [demonic ancestry]
  1311 | D:2      | Reached XP level 3. HP: 26/30 MP: 4/4
  1552 | D:2      | Reached ** piety under Lugonu
  1901 | D:2      | Found a runed translucent door.
  1902 | D:2      | Noticed Crazy Yiuf
  2589 | D:3      | Reached XP level 4. HP: 34/37 MP: 6/6
  2715 | D:3      | Found a stormy altar of Qazlal.
  2915 | D:3      | You fall into a shaft and drop 2 floors!
  2915 | D:5      | Entered Level 5 of the Dungeon
  2915 | D:5      | Found a basalt altar of Yredelemnul.
  2951 | D:4      | Reached skill level 3 in Axes
  2951 | D:4      | Reached skill level 1 in Evocations
  2951 | D:4      | Gained mutation: You have sharp toenails. [demonic
                  | ancestry]
  2951 | D:4      | Reached XP level 5. HP: 27/42 MP: 7/7
  3080 | D:4      | Gained mutation: You are surrounded by a moderate repulsion
                  | field. (EV +3) [demonic ancestry]
  3080 | D:4      | Reached XP level 6. HP: 37/48 MP: 8/8
  3305 | D:4      | Found a blossoming altar of Fedhas.
  3501 | D:3      | Found a radiant altar of Vehumet.
  3579 | D:3      | Found a hide-covered altar of Uskayaw.
  3592 | D:3      | Reached *** piety under Lugonu
  3592 | D:3      | Reached skill level 4 in Axes
  4631 | D:5      | Gained mutation: You are surrounded by a strong repulsion
                  | field. (EV +4, RMsl) [demonic ancestry]
  4631 | D:5      | Reached XP level 7. HP: 35/54 MP: 10/10
  4813 | D:4      | Found a shattered altar of Ashenzari.
  4813 | D:4      | Found a glowing golden altar of the Shining One.
  4836 | D:5      | Noticed Ijyb
  4858 | D:5      | Killed Ijyb
  5336 | D:2      | Killed Crazy Yiuf
  5697 | D:6      | Reached skill level 5 in Axes
  6221 | D:6      | Reached XP level 8. HP: 47/61 MP: 11/11
  6759 | D:6      | Reached skill level 5 in Fighting
  6759 | D:6      | Reached skill level 6 in Axes
  6927 | D:7      | Reached skill level 5 in Invocations
  6930 | D:7      | Reached **** piety under Lugonu
  7037 | D:7      | Found a staircase to the Ecumenical Temple.
  7423 | D:7      | Noticed Duvessa
  7423 | D:7      | Noticed Dowan
  7445 | D:7      | Killed Dowan
  7620 | D:7      | Killed Duvessa
  7834 | D:7      | Noticed a gargoyle
  8134 | D:7      | Reached skill level 5 in Armour
  8358 | D:8      | Reached XP level 9. HP: 69/69 MP: 13/13
  8376 | D:8      | Found Koan's Armour Shop.
  8533 | D:8      | HP: 3/69 [poisoned by a killer bee]
  8539 | D:8      | HP: 1/69 [poisoned by a killer bee]
  8547 | D:8      | HP: 1/69 [poisoned by a killer bee]
  8555 | D:8      | HP: 1/69 [poisoned by a killer bee]
  9452 | D:8      | Found a staircase to the Lair.
  9489 | D:8      | Reached skill level 7 in Axes
  9518 | D:8      | Reached skill level 5 in Evocations
 10269 | D:8      | Reached skill level 8 in Axes
 10465 | D:8      | Gained mutation: You have razor-sharp toenails. [demonic
                  | ancestry]
 10465 | D:8      | Reached XP level 10. HP: 70/77 MP: 15/15
 10516 | D:8      | Found a bloodstained altar of Trog.
 10517 | D:8      | Noticed a wizard
 10533 | D:8      | Killed a wizard
 11609 | D:9      | Found a glowing silver altar of Zin.
 11669 | D:9      | Noticed a red ugly thing
 13386 | D:9      | Found Riengeo's Assorted Antiques.
 13395 | D:9      | Bought a scroll labeled WULAADW DICI for 25 gold pieces
 13470 | D:8      | Bought a +0 pair of gloves for 63 gold pieces
 13470 | D:8      | Bought a +2 cloak for 231 gold pieces
 13707 | D:10     | Entered Level 10 of the Dungeon
 13802 | D:10     | Reached skill level 9 in Axes
 14419 | D:10     | Found a shattered altar of Ashenzari.
 14894 | D:10     | Noticed a two-headed ogre
 14965 | D:10     | Killed a two-headed ogre
 14965 | D:10     | Reached XP level 11. HP: 36/84 MP: 17/17
 15336 | D:10     | Paralysed by fainting for 11 turns
 15430 | D:11     | Found a white marble altar of Elyvilon.
 15545 | D:11     | Reached ***** piety under Lugonu
 15713 | D:10     | Reached skill level 10 in Axes
 16277 | D:11     | Found a staircase to the Orcish Mines.
 16331 | D:11     | Identified a scroll of acquirement
 16377 | D:11     | Noticed a two-headed ogre
 16388 | D:11     | Killed a two-headed ogre
 16944 | D:11     | Paralysed by a hornet for 2 turns
 17487 | Lair:1   | Entered Level 1 of the Lair of Beasts
 17743 | Lair:1   | Upgraded the game from 0.25-a0-365-g7600c65aa0 to
                  | 0.25-a0-366-g516bc45ae0
 18191 | Lair:1   | Reached skill level 11 in Axes
 19888 | Lair:2   | HP: 4/85 [poisoned by a black mamba]
 19895 | Lair:2   | HP: 4/85 [poisoned by a black mamba]
 19903 | Lair:2   | HP: 4/85 [poisoned by a black mamba]
 20476 | Lair:2   | Noticed a five-headed hydra
 20513 | Lair:2   | Banished a five-headed hydra
 20557 | Lair:2   | You fall into a shaft and drop 2 floors!
 20856 | Lair:3   | Gained mutation: You have claws for feet. [demonic
                  | ancestry]
 20856 | Lair:3   | Reached XP level 12. HP: 92/92 MP: 18/18
 20992 | Lair:3   | Noticed Urug
 21149 | Lair:3   | Killed Urug
 21197 | Lair:3   | Reached skill level 12 in Axes
 21976 | Lair:4   | Found a staircase to the Shoals.
 22014 | Lair:4   | Found a hole to the Spider Nest.
 22117 | Lair:4   | Reached skill level 1 in Shields
 22318 | Lair:4   | Noticed Josephine
 22324 | Lair:4   | Killed Josephine
 22419 | Lair:4   | Reached skill level 13 in Axes
 22426 | Lair:4   | Reached ****** piety under Lugonu
 22814 | Lair:4   | Reached skill level 10 in Invocations
 23540 | Lair:5   | Found a staircase to the Slime Pits.
 23661 | Lair:5   | Reached XP level 13. HP: 89/99 MP: 20/20
 23967 | Lair:5   | Mangled by a komodo dragon

Levels and vault maps discovered:
D:1:      dpeg_cavernosity, layout_basic
D:2:      layout_loops_cross, minmay_3d_cube, uniq_crazy_yiuf_cottage
D:3:      minmay_skewed_foursquare, layout_loops_ring,
          nicolae_overflow_crystal_walls, lemuel_round_altar,
          overflow_temple_1_default
D:4:      layout_cave_pools, fedhas_altar_1, nicolae_overflow_hidden_temple
D:5:      layout_basic, first_ration, serial_undead, serial_undead_f,
          serial_undead_b, serial_undead_f, serial_undead_a,
          minmay_misc_feat_encased, yredelemnul_altar_generic, uniq_ijyb
D:6:      layout_basic
D:7:      layout_rooms, temple_doors_e, kennysheep_generic_room_10, uniq_duvessa
D:8:      layout_loops_ring, david_lair_generic, serial_shops,
          nicolae_shop_temple_entry_statues_fountains,
          hangedman_little_slice_of_home, minmay_holes, trog_wizard
D:9:      layout_roguey, lemuel_crystal_altar, serial_shops,
          nicolae_shop_overgrown_old_shop
D:10:     layout_loops_corners, evilmike_ruin_ashenzari
D:11:     layout_loops_ring, zombieorc2_lemuel, elyvilon_altar_4
D:12:     layout_roguey, serial_shops, nicolae_shop_behind_doors
Lair:1:   layout_cave_shapes, serial_bayou_shore_b
Lair:2:   layout_misc_corridors, grunt_megastairs_1
Lair:3:   layout_misc_corridors, uniq_urug
Lair:4:   layout_loops_ring, shoals_dummy_entry,
          nicolae_spider_entry_orb_guardian, special_room [special_room_bee],
          uniq_josephine
Lair:5:   layout_cave_pods, dpeg_slime_entry_corner, st_stairs_9,
          grunt_forest_large_clearing_hut

Skill      XL: |  1  2  3  4  5  6  7  8  9 10 11 12 |
---------------+-------------------------------------+-----
Dodging        | 1 |  1.2
Axes           | 2 3 4 5 6 8 9 11 13 | 13.5
Armour         | 2 3 5 6 7 8 |  8.8
Invocations    | 3 4 5 7 8 9 10 | 10.2
Evocations     | 1 2 3 4 5 6 7 |  7.7
Fighting       | 4 5 6 7 8 |  8.8
Shields        | 2 |  2.6

Action                   |  1- 3 |  4- 6 |  7- 9 | 10-12 | 13-15 || total
-------------------------+-------+-------+-------+-------+-------++-------
Melee: Hand axe          |   132 |   178 |    39 |       |       ||   349
       Kick              |       |    25 |   108 |   210 |    12 ||   355
       Quarterstaff      |       |       |   229 |    65 |       ||   294
       Battleaxe         |       |       |   140 |   789 |    34 ||   963
Invok: Depart the Abyss  |     1 |       |       |       |       ||     1
       Banish            |       |       |     1 |     2 |       ||     3
       Bend Space        |       |       |       |     2 |       ||     2
Evoke: Wand              |       |     3 |     6 |    33 |       ||    42
       Lightning rod     |       |       |       |    10 |       ||    10
  Use: Scroll            |     5 |     2 |     9 |    11 |       ||    27
       Potion            |     4 |     2 |     1 |     5 |     1 ||    13
 Stab: Petrifying        |       |       |     1 |     1 |       ||     2
       Paralysed         |       |       |     1 |       |       ||     1
       Invisible         |       |       |       |     5 |       ||     5
       Petrified         |       |       |       |     1 |       ||     1
  Eat: Chunk             |     5 |     6 |    32 |    67 |     1 ||   111
       Ration            |       |       |       |     6 |       ||     6
Armor: Leather armour    |    42 |       |       |       |       ||    42
       Skin              |     8 |    27 |    20 |    63 |       ||   118
       Ring mail         |     3 |    79 |    63 |       |       ||   145
       Chain mail        |       |       |   108 |   360 |    32 ||   500
       Plate armour      |       |       |       |   324 |       ||   324
Dodge: Dodged            |    87 |   143 |   295 |   618 |    30 ||  1173
       Deflected         |       |       |     6 |     5 |       ||    11

Table legend:
 A = Non-vault XP
 B = Vault XP
 C = Vault XP percentage of total XP
 D = Non-vault monster count
 E = Vault monster count
 F = Vault count percentage of total count
                 A         B        C        D         E       F
            +---------+---------+-------+---------+---------+-------
      Total |   32224 |    9153 |  22.1 |     350 |     107 |  23.4
            +---------+---------+-------+---------+---------+-------
        D:1 |      29 |       6 |  17.1 |      17 |       4 |  19.0
        D:2 |      53 |      48 |  47.5 |      22 |       6 |  21.4
        D:3 |     115 |      16 |  12.2 |      29 |       3 |   9.4
        D:4 |     371 |       0 |   0.0 |      13 |       0 |   0.0
        D:5 |     108 |     170 |  61.2 |       8 |       6 |  42.9
        D:6 |     763 |       0 |   0.0 |      20 |       0 |   0.0
        D:7 |     795 |     181 |  18.5 |      26 |       2 |   7.1
        D:8 |    2769 |    1026 |  27.0 |      52 |      12 |  18.8
        D:9 |    1818 |       0 |   0.0 |      17 |       0 |   0.0
       D:10 |    4006 |     363 |   8.3 |      41 |       2 |   4.7
       D:11 |    2919 |     486 |  14.3 |      31 |      33 |  51.6
       D:12 |      59 |     189 |  76.2 |       1 |       1 |  50.0
     Lair:1 |    2401 |     220 |   8.4 |      13 |       1 |   7.1
     Lair:2 |    1953 |     593 |  23.3 |       7 |       4 |  36.4
     Lair:3 |    4471 |     847 |  15.9 |      16 |       1 |   5.9
     Lair:4 |    3035 |    4806 |  61.3 |      17 |      31 |  64.6
     Lair:5 |    6559 |     202 |   3.0 |      20 |       1 |   4.8
            +---------+---------+-------+---------+---------+-------
